 Dungeon Crawl Stone Soup version 0.28-a0-1555-g9ae15a6949 (webtiles) character file.

Game seed: 15775608263297943715

16 psuckher the Sneak (level 2, -9/26 HPs)
             Began as a Draconian Delver on Jan 18, 2022.
             Mangled by a gnoll (13 damage)
             ... on level 4 of the Dungeon.
             The game lasted 00:01:40 (221 turns).

psuckher the Sneak (Draconian Delver)                Turns: 221, Time: 00:01:41

Health: -9/26      AC:  4    Str: 14    XL:     2   Next: 37%
Magic:  2/2        EV: 12    Int: 10    God:
Gold:   0          SH:  0    Dex: 12    Spells: 1/1 levels left

rFire   . . .      SeeInvis .   a - +1 short sword
rCold   . . .      Faith    .   (no shield)
rNeg    . . .      Spirit   .   (armour unavailable)
rPois   .          Reflect  .   (helmet restricted)
rElec   .          Harm     .   (no cloak)
rCorr   .          Rampage  .   (no gloves)
Will    .....                   (no boots)
Stlth   +++.......              (no amulet)
HPRegen 0.08/turn               (no ring)
MPRegen 0.08/turn               (no ring)

@: no status effects
A: AC +4, unfitting armour, cold-blooded
a: no special abilities


You were on level 4 of the Dungeon.
You visited 1 branch of the dungeon, and saw 2 of its levels.

Inventory:

Hand Weapons
 a - a +1 short sword (weapon)
Wands
 c - a wand of acid (9)
 f - a wand of digging (3)
Scrolls
 b - a scroll of fog
Potions
 e - a potion of haste


   Skills:
 + Level 3.4 Fighting
 + Level 2.1 Short Blades
 + Level 1.8 Dodging
 + Level 4.9 Stealth


You had one spell level left.
You didn't know any spells.
Your spell library was empty.

Dungeon Overview and Level Annotations

Branches:
Dungeon (5/15)
 Temple: D:4-7

Altars:


Innate Abilities, Weirdness & Mutations

Your plain brown scales are hard. (AC +4)
You cannot fit into any form of body armour.
You are cold-blooded and may be slowed by cold attacks.


Message History

A gnoll comes into view. It is wielding a +0 halberd.
You see here a +0 club.
A gnoll comes into view. It is wielding a +0 spear.
The gnoll shouts!
The endoplasm barely misses you.
You hit the endoplasm.
Your tail-slap misses the endoplasm.
The endoplasm is almost dead.
A gnoll comes into view. It is wielding a +0 club.
A hobgoblin comes into view.
The endoplasm hits you.
The gnoll shouts!
You hit the endoplasm.
You kill the endoplasm!
The gnoll barely misses you. The gnoll closely misses you.
The gnoll hits you with a +0 halberd!
Ouch! That really hurt!
As you read the scroll of fear, it crumbles to dust.
You assume a fearsome visage.
The gnoll looks frightened! x2
The gnoll resists with some effort.
The hobgoblin looks frightened!
The gnoll closely misses you.
The gnoll hits you from afar with a +0 spear.
* * * LOW HITPOINT WARNING * * *
As you read the scroll labelled CEIKET VIRASCH, it crumbles to dust.
It is a scroll of enchant weapon.
Your +0 short sword glows red for a moment.
The gnoll barely misses you.
Found 26 stones.
Found a lead wand.
An adder comes into view.
Found an amethyst potion.
Aiming: Corrosive Bolt
Press: ? - help, Shift-Dir - straight line, f - gnoll
Aim: a gnoll, wielding a +0 spear (75% to hit)
The bolt of acid hits the gnoll!
You kill the gnoll!
You have reached level 2!
The gnoll completely misses you. The gnoll hits you with a +0 halberd!
Ouch! That really hurt!
You die...

#........## #..S......,,,*
#.........# #.........,,>*
#...).....# #.......!.,,,*
#.....(...# #....../..,,,*
#.........####.........,,,*
#...........##.....(...,,,*
#........##.##.........,,,*
#........##.##.........,,,*
###.....###).g@.#######****
#.##### ####### #####...##
.........# .........#
.........# .........#
.........# ##########


You could see a gnoll.

Vanquished Creatures
  A gnoll (D:4)
  An endoplasm (D:4)
  A goblin (D:4)
  2 hobgoblins (D:4)
  A ball python (D:4)
6 creatures vanquished.

Notes
Turn   | Place    | Note
-------+----------+-------------------------------------------
     0 | D:5      | psuckher the Draconian Delver began the quest for the Orb.
     0 | D:5      | Reached XP level 1. HP: 19/19 MP: 1/1
   203 | D:4      | Reached XP level 2. HP: 2/26 MP: 2/2
   221 | D:4      | Mangled by a gnoll

Illustrated notes

Levels and vault maps discovered:
D:4:      layout_basic, okawaru_gym_becter, grunt_decor_one_mirror
D:5:      layout_basic, minmay_temple_entry_poolview, minmay_divided_ellipse

Action                   || total
-------------------------++-------
Melee: Short sword       ||    14
       Tailslap          ||     2
Evoke: Wand              ||     1
  Use: Scroll            ||     3
 Stab: Sleeping          ||     1
Armor: Skin              ||     2
Dodge: Dodged            ||     9

Table legend: (Time is in decaauts)
 A = Elapsed time spent in this place.
 B = Non-inter-level travel time spent in this place.
 C = Inter-level travel time spent in this place.
 D = Time resting spent in this place.
 E = Time spent auto-exploring this place.
 F = Levels seen in this place.
 G = Mean time per level.
                   A        B        C        D        E       F      G
               +--------+--------+--------+--------+--------+-----+--------+
         Total |    220 |    194 |     26 |      0 |      0 |   2 |  110.0 |
       Dungeon |    220 |    194 |     26 |      0 |      0 |   2 |  110.0 |
               +--------+--------+--------+--------+--------+-----+--------+

Top non-repeatable levels by time:
     D:4: 176 daAuts
     D:5: 44 daAuts
